Map: Frost LE

Players

Miszu - Winner!

  • Race: Protoss Protoss
  • League: Master

Seigifried

  • Race: Protoss Protoss
  • League: Master

VOD

Have the link to the VOD?

Description

Time

  • Played on: June 29, 2016, 2:39 p.m.
  • Length: 29:53
Show
View Real Time Build Order
Export as new Build Order

Miszu Protoss - Winner!

Build Orders:  

Get SALT Encoding   

  12  0:00  Probe (Chrono Boost)  
  13  0:11  Probe (Chrono Boost)  
  14  0:17  Pylon  
  14  0:22  Probe (Chrono Boost)  
  15  0:35  Probe (Chrono Boost)  
  16  0:38  Gateway  
  16  0:45  Probe (Chrono Boost)  
  16  0:48  Assimilator  
  17  0:56  Probe (Chrono Boost)  
  18  0:57  Assimilator  
  18  1:06  Probe (Chrono Boost)  
  18  1:07  Pylon  
  19  1:17  Gateway  
  19  1:20  Probe (Chrono Boost)  
  20  1:32  Cybernetics Core  
  20  1:37  Probe (Chrono Boost)  
  21  1:48  Probe (Chrono Boost)  
  22  1:58  Probe (Chrono Boost)  
  23  2:08  Adept x2  
  23  2:10  Warp Gate  
  23  2:12  Mothership Core (Chrono Boost)  
  29  2:18  Pylon  
  29  2:35  Stalker  
  29  2:36  Stalker  
  33  3:01  Nexus  
  33  3:10  Probe (Chrono Boost)  
  34  3:18  Stargate  
  34  3:30  Probe (Chrono Boost)  
  35  3:41  Probe (Chrono Boost)  
  38  3:51  Pylon, Probe (Chrono Boost)  
  35  4:01  Oracle (Chrono Boost)  
  38  4:04  Probe  
  38  4:07  Gateway  
  39  4:16  Robotics Facility  
  39  4:17  Probe  
  39  4:18  Probe  
  39  4:23  Sentry  
  43  4:24  Sentry  
  43  4:28  Probe  
  43  4:30  Probe  
  47  4:35  Oracle (Chrono Boost)  
  50  4:39  Probe  
  51  4:46  Forge  
  51  4:48  Pylon  
  51  4:49  Probe  
  51  4:50  Probe  
  53  5:01  Probe  
  54  5:13  Observer  
  52  5:14  Probe x2  
  52  5:15  Stalker x2  
  52  5:17  Assimilator  
  52  5:18  Assimilator  
  58  5:26  Protoss Ground Weapons Level 1 (Chrono Boost), Probe x2  
  60  5:33  Pylon  
  60  5:38  Probe x2  
  60  5:41  Immortal  
  62  5:48  Zealot  
  68  5:50  Probe  
  68  5:51  Probe  
  68  5:55  Twilight Council  
  70  6:02  Probe  
  70  6:03  Probe  
  72  6:14  Probe  
  72  6:15  Probe  
  74  6:28  Nexus  
  74  6:30  Pylon, Probe x2  
  76  6:34  Zealot  
  78  6:40  Pylon  
  78  6:43  Immortal  
  78  6:46  Charge (Chrono Boost)  
  78  6:47  Gateway  
  78  6:49  Gateway  
  78  6:51  Gateway  
  82  6:55  Pylon  
  82  7:10  Protoss Ground Weapons Level 2  
  82  7:13  Nexus  
  82  7:21  Immortal  
  86  7:42  Pylon  
  86  7:44  Templar Archives  
  86  7:47  Probe x2  
  88  7:53  Assimilator  
  88  7:55  Assimilator  
  88  7:56  Immortal  
  88  7:59  Probe  
  88  8:01  Probe  
  94  8:07  Zealot x2  
  94  8:08  Zealot  
  94  8:11  Zealot, Probe  
  103  8:13  Probe  
  103  8:16  Pylon  
  103  8:18  Pylon  
  104  8:23  Probe  
  104  8:25  High Templar x2, Probe  
  110  8:27  Probe  
  110  8:30  Immortal  
  111  8:35  Probe  
  111  8:37  Probe  
  111  8:39  High Templar x2  
  111  8:40  Archon  
  121  8:41  High Templar x2  
  121  8:43  Archon  
  121  8:45  Archon  
  125  8:52  Photon Cannon  
  125  9:01  Zealot  
  125  9:02  Zealot  
  126  9:06  Warp Prism  
  126  9:10  Gateway  
  126  9:11  Gateway x2  
  126  9:12  Gateway  
  126  9:14  Dark Shrine  
  128  9:29  High Templar  
  128  9:30  High Templar x3  
  128  9:31  Zealot x2  
  138  9:34  Archon x2  
  140  9:43  Protoss Ground Weapons Level 3  
  140  9:57  Pylon  
  140  9:58  Pylon  
  140  10:00  Pylon  
  140  10:16  Zealot  
  140  10:17  Zealot x2  
  140  10:18  Zealot  
  140  10:19  Zealot x2  
  152  10:25  Probe  
  152  10:26  Pylon x2  
  153  10:30  Pylon  
  153  10:31  Dark Templar x3  
  153  10:32  Dark Templar  
  161  10:49  Zealot x3  
  167  10:50  Zealot x3  
  163  11:09  Robotics Facility  
  155  11:12  Robotics Bay  
  155  11:13  Dark Templar  
  155  11:14  Dark Templar x3  
  155  11:15  Zealot  
  157  11:32  Zealot x2  
  153  11:45  Zealot x4  
  153  11:46  Zealot  
  145  11:57  Pylon  
  143  12:01  Disruptor (Chrono Boost)  
  143  12:02  Disruptor (Chrono Boost)  
  143  12:10  Nexus, Zealot x4  
  149  12:20  Protoss Ground Armor Level 1  
  145  12:32  Pylon  
  145  12:33  Disruptor (Chrono Boost)  
  145  12:34  Disruptor (Chrono Boost)  
  151  12:46  Assimilator  
  151  12:55  Assimilator  
  151  12:57  Blink  
  151  13:04  Disruptor (Chrono Boost)  
  151  13:05  Disruptor (Chrono Boost)  
  157  13:21  High Templar x2  
  157  13:22  High Templar x2  
  157  13:26  Archon x2  
  165  13:30  Photon Cannon  
  165  13:32  Photon Cannon  
  165  13:33  Photon Cannon x2  
  165  13:34  Photon Cannon  
  165  13:36  Observer (Chrono Boost)  
  165  13:38  Photon Cannon  
  165  13:39  Photon Cannon  
  166  13:45  Photon Cannon  
  166  13:46  Photon Cannon  
  164  14:01  Disruptor x2 (Chrono Boost)  
  170  14:03  Zealot x2  
  162  14:14  Protoss Ground Armor Level 2  
  160  14:26  Zealot x5  
  160  14:27  Zealot  
  172  14:32  Warp Prism (Chrono Boost)  
  172  14:33  Warp Prism (Chrono Boost)  
  174  14:48  Zealot x3  
  178  15:18  Zealot x4  
  178  15:19  Zealot  
  186  15:41  Zealot x3  
  186  15:42  Zealot x2  
  191  15:43  Dark Templar x2  
  181  15:59  Zealot x3  
  173  16:12  Zealot x4  
  173  16:13  Zealot  
  173  16:17  Dark Templar  
  173  16:18  Dark Templar  
  173  16:27  Disruptor x2 (Chrono Boost)  
  165  16:46  Protoss Ground Armor Level 3  
  165  16:53  Adept  
  147  17:11  Pylon, Warp Prism x2 (Chrono Boost)  
  147  17:12  Nexus  
  147  17:15  Zealot  
  147  17:16  Zealot x4  
  147  17:17  Dark Templar x4  
  147  17:18  Zealot  
  165  17:30  Photon Cannon  
  165  17:31  Photon Cannon  
  165  17:32  Photon Cannon  
  165  17:33  Pylon, Photon Cannon  
  165  17:34  Photon Cannon  
  165  17:37  Stargate  
  165  17:40  Stargate, Assimilator  
  165  17:42  Stargate  
  165  17:45  Zealot x4, Assimilator  
  165  17:46  Zealot x2  
  145  18:14  Zealot x4  
  145  18:15  Dark Templar x3, Zealot x2  
  145  18:16  Dark Templar  
  144  18:42  Immortal x2 (Chrono Boost)  
  144  18:45  Fleet Beacon  
  134  19:14  Immortal (Chrono Boost), Stalker x2  
  134  19:15  Stalker x2  
  134  19:16  Immortal (Chrono Boost)  
  148  19:34  Tempest x2 (Chrono Boost)  
  156  20:03  Tempest (Chrono Boost)  
  156  20:04  Dark Templar  
  156  20:12  Tempest x2 (Chrono Boost)  
  164  20:22  Protoss Air Weapons Level 1  
  168  20:45  Tempest (Chrono Boost)  
  168  20:49  Tempest (Chrono Boost)  
  174  20:50  Tempest (Chrono Boost)  
  174  21:12  Tempest (Chrono Boost)  
  182  21:27  Tempest (Chrono Boost)  
  190  21:33  Tempest (Chrono Boost)  
  190  21:35  Oracle (Chrono Boost)  
  194  22:08  Tempest (Chrono Boost)  
  194  22:09  Tempest x2 (Chrono Boost)  
  166  23:10  Tempest (Chrono Boost)  
  166  23:11  Tempest x2 (Chrono Boost)  
  156  23:16  Tempest (Chrono Boost)  
  104  23:27  High Templar  
  104  23:28  Zealot x8  
  104  23:29  Zealot  
  116  23:48  Tempest (Chrono Boost)  
  120  24:00  Pylon, Zealot x8  
  120  24:01  Zealot x2  
  120  24:02  Nexus  
  133  24:20  Photon Cannon  
  133  24:23  High Templar  
  133  24:24  High Templar x2  
  139  24:26  Zealot x4  
  139  24:29  Archon  
  139  24:30  Assimilator  
  147  24:31  Assimilator  
  147  24:35  Archon  
  125  25:14  Immortal x2  
  133  25:22  Oracle (Chrono Boost)  
  136  25:45  Tempest (Chrono Boost)  
  136  25:49  Probe  
  139  25:53  Immortal (Chrono Boost)  
  139  25:54  Immortal (Chrono Boost)  
  103  26:21  Tempest  
  107  26:29  Dark Templar x2  
  107  26:31  Disruptor x2 (Chrono Boost)  
  117  26:40  Dark Templar  
  107  27:21  Disruptor x2 (Chrono Boost)  
  108  27:26  Probe  
  105  27:36  High Templar x2  
  106  27:37  Stalker x2  
  106  27:40  Archon  
  110  27:52  Disruptor (Chrono Boost)  
  110  27:56  Nexus  
  111  27:58  Assimilator  
  111  28:01  Disruptor (Chrono Boost)  
  111  28:02  Assimilator  
  111  28:05  Pylon  
  114  28:07  Dark Templar, Zealot  
  114  28:09  Photon Cannon  
  114  28:11  Photon Cannon  
  118  28:15  Photon Cannon  
  117  28:24  Immortal (Chrono Boost)  
  121  28:30  Probe x4  
  125  28:42  Probe x2  
  123  28:58  Immortal (Chrono Boost)  
  126  29:05  Immortal (Chrono Boost)  
Show
View Real Time Build Order
Export as new Build Order

Seigifried Protoss 

Build Orders: 1 Gate Expand 

Get SALT Encoding   

  12  0:01  Probe (Chrono Boost)  
  13  0:12  Probe (Chrono Boost)  
  14  0:18  Pylon  
  14  0:22  Probe (Chrono Boost)  
  15  0:37  Probe (Chrono Boost)  
  15  0:39  Gateway  
  16  0:49  Assimilator  
  16  0:50  Probe (Chrono Boost)  
  17  1:01  Probe (Chrono Boost)  
  19  1:11  Probe (Chrono Boost)  
  19  1:22  Probe (Chrono Boost)  
  20  1:30  Nexus  
  20  1:41  Cybernetics Core  
  20  1:47  Pylon  
  20  1:52  Assimilator  
  20  1:56  Probe (Chrono Boost)  
  21  2:06  Gateway  
  21  2:18  Mothership Core (Chrono Boost)  
  21  2:22  Stalker (Chrono Boost)  
  25  2:26  Warp Gate (Chrono Boost)  
  25  2:33  Pylon  
  25  2:42  Probe  
  25  2:43  Probe  
  27  2:53  Stalker (Chrono Boost)  
  29  3:00  Stalker (Chrono Boost)  
  31  3:14  Probe  
  32  3:20  Stalker (Chrono Boost)  
  32  3:22  Probe  
  32  3:27  Probe  
  34  3:50  Robotics Facility  
  34  3:52  Probe  
  35  3:56  Sentry  
  35  3:59  Probe  
  38  4:05  Gateway  
  38  4:08  Probe (Chrono Boost)  
  39  4:20  Probe x2 (Chrono Boost)  
  41  4:28  Sentry  
  43  4:31  Pylon  
  43  4:34  Probe (Chrono Boost)  
  44  4:39  Immortal (Chrono Boost)  
  44  4:42  Sentry  
  44  4:44  Probe  
  51  4:49  Pylon  
  51  4:56  Assimilator  
  51  4:57  Probe  
  52  5:00  Probe  
  50  5:13  Observer (Chrono Boost)  
  50  5:16  Probe x2  
  50  5:17  Stalker  
  54  5:28  Stalker, Probe  
  55  5:35  Probe  
  54  5:47  Probe x2  
  54  5:49  Stalker  
  58  5:59  Probe x2  
  60  6:09  Robotics Bay  
  60  6:11  Probe (Chrono Boost)  
  60  6:13  Probe (Chrono Boost)  
  62  6:23  Probe (Chrono Boost)  
  63  6:25  Probe (Chrono Boost)  
  63  6:31  Twilight Council  
  63  6:33  Probe (Chrono Boost)  
  63  6:37  Probe (Chrono Boost)  
  65  6:40  Gateway x2  
  65  6:44  Probe (Chrono Boost)  
  65  6:46  Stalker  
  68  6:49  Probe (Chrono Boost)  
  69  6:54  Probe (Chrono Boost)  
  69  6:59  Pylon  
  70  7:03  Pylon  
  70  7:12  Disruptor  
  70  7:18  Probe (Chrono Boost)  
  74  7:26  Blink (Chrono Boost), Nexus  
  74  7:27  Pylon  
  73  7:31  Probe  
  73  7:32  Probe  
  75  7:43  Disruptor, Assimilator  
  75  7:44  Probe x2  
  77  7:48  Stalker x2  
  84  7:56  Probe  
  84  8:10  Probe x2  
  86  8:14  Disruptor  
  86  8:15  Forge  
  86  8:16  Gateway  
  86  8:19  Stalker  
  91  8:20  Stalker  
  93  8:29  Pylon  
  93  8:33  Pylon  
  93  8:40  Probe x2  
  95  8:42  Stalker x3  
  101  8:48  Protoss Ground Weapons Level 1 (Chrono Boost)  
  101  8:51  Photon Cannon  
  101  9:02  Photon Cannon  
  101  9:05  Photon Cannon  
  101  9:07  Assimilator  
  101  9:10  Assimilator  
  101  9:14  Stalker x2  
  105  9:20  Charge (Chrono Boost)  
  105  9:24  Templar Archives  
  105  9:33  Disruptor  
  105  9:35  Probe  
  109  9:40  Zealot x3  
  109  9:42  Sentry  
  109  9:44  Probe  
  118  9:49  Pylon  
  118  9:51  Pylon  
  118  9:53  Probe  
  118  9:55  Probe  
  120  10:02  High Templar x2  
  120  10:03  Probe  
  120  10:04  Disruptor  
  125  10:10  Archon  
  128  10:22  High Templar x2, Zealot x2  
  136  10:29  Gateway  
  136  10:31  Archon  
  136  10:32  Gateway  
  136  10:38  Pylon  
  136  10:44  High Templar x2  
  136  10:45  Pylon  
  136  10:46  Pylon  
  136  10:49  Gateway, Archon  
  140  10:51  Pylon  
  140  11:01  Photon Cannon  
  140  11:03  Photon Cannon  
  138  11:09  Stalker x2  
  138  11:10  Stalker x2  
  140  11:14  Probe  
  141  11:22  Adept x2  
  145  11:31  Robotics Facility  
  142  11:33  Photon Cannon  
  140  11:40  Stalker x2  
  140  11:41  Stalker  
  139  12:04  Pylon  
  139  12:05  Pylon  
  139  12:07  Pylon  
  135  12:11  Robotics Facility  
  135  12:18  Zealot x4  
  141  12:29  Pylon, Photon Cannon  
  141  12:30  Photon Cannon  
  141  12:33  Stalker x3  
  147  12:43  Templar Archives  
  147  12:51  Photon Cannon  
  147  12:54  Protoss Ground Weapons Level 2 (Chrono Boost)  
  147  13:00  Robotics Bay  
  147  13:08  Observer  
  147  13:12  Immortal  
  152  13:16  Probe  
  153  13:21  High Templar x3  
  153  13:22  High Templar  
  153  13:23  High Templar x2  
  153  13:24  Zealot x2  
  169  13:27  Archon x3  
  169  13:36  Pylon  
  169  13:48  Disruptor  
  172  13:56  Pylon  
  172  13:59  Pylon  
  172  14:02  Adept x2  
  176  14:03  Adept  
  178  14:11  Photon Cannon  
  178  14:12  Photon Cannon  
  178  14:17  Warp Prism  
  180  14:24  Nexus  
  180  14:26  Photon Cannon  
  180  14:31  Pylon  
  180  14:34  Photon Cannon  
  180  15:02  High Templar x5  
  180  15:05  High Templar, Zealot  
  180  15:06  Zealot x2  
  198  15:07  Archon  
  198  15:08  Archon  
  198  15:09  Archon  
  198  15:18  Observer Gravitic Boosters  
  198  15:19  Observer x2  
  200  15:27  Pylon  
  198  15:28  Photon Cannon  
  198  15:29  Photon Cannon  
  190  15:41  Stalker  
  190  15:42  Stalker x4  
  182  15:43  Stalker  
  162  16:07  Stalker x4  
  162  16:08  Stalker  
  172  16:14  High Templar x2  
  172  16:15  Stalker x2  
  180  16:19  Archon  
  178  16:34  Photon Cannon  
  178  16:44  Adept x2  
  178  16:45  Adept  
  184  16:47  Stalker x5  
  184  16:52  Assimilator  
  194  16:55  Assimilator  
  194  16:56  Stargate  
  186  17:11  Stalker  
  186  17:12  Stalker  
  186  17:14  Protoss Ground Weapons Level 3 (Chrono Boost)  
  190  17:15  Photon Cannon  
  190  17:28  Photon Cannon  
  190  17:29  Pylon  
  190  17:31  Photon Cannon  
  190  17:38  High Templar  
  190  17:39  High Templar  
  190  17:43  Archon  
  194  17:55  Fleet Beacon  
  194  17:59  Adept x3  
  194  18:00  Adept  
  193  18:16  Stalker x2  
  193  18:17  Stalker  
  179  18:49  Pylon  
  179  18:54  Pylon  
  171  19:10  Photon Cannon  
  171  19:12  Tempest, Photon Cannon  
  171  19:13  Photon Cannon  
  171  19:15  Observer  
  176  19:21  High Templar x2  
  180  19:25  Archon  
  180  19:42  Nexus  
  178  19:50  Photon Cannon  
  178  19:55  High Templar  
  178  19:59  Pylon  
  180  20:16  Pylon  
  180  20:18  High Templar  
  180  20:19  High Templar  
  180  20:20  High Templar  
  180  20:21  Pylon  
  186  20:22  Archon  
  186  20:24  Archon  
  186  20:33  Photon Cannon  
  186  20:49  Photon Cannon  
  184  20:54  Tempest  
  188  21:10  Assimilator  
  185  21:13  Disruptor  
  185  21:14  Photon Cannon  
  188  21:20  Stalker  
  188  21:23  Stalker  
  192  22:02  Stalker x3  
  188  22:16  Nexus  
  188  22:18  Stalker x3, Pylon  
  188  22:22  Stalker  
  196  22:26  Stalker  
  196  22:29  Stalker  
  200  22:45  Pylon  
  200  22:46  Photon Cannon  
  195  22:52  Stalker  
  195  22:53  Stalker  
  157  23:05  Stalker x2  
  125  23:17  Stalker  
  125  23:18  Stalker  
  107  23:20  Stalker  
  107  23:31  Disruptor  
  110  23:36  High Templar x2  
  110  23:38  Stalker  
  110  23:39  Stalker  
  110  23:41  Archon  
  118  23:44  Probe  
  119  23:54  Probe  
  119  23:55  Stalker  
  121  23:56  Stalker  
  124  24:05  Probe  
  124  24:09  Stalker x2  
  129  24:15  Probe  
  129  24:17  Stalker  
  129  24:21  Stalker  
  134  24:36  Stalker x3  
  140  24:40  Stalker  
  142  24:46  Assimilator  
  142  24:51  Assimilator  
  131  25:08  Stalker x2  
  131  25:09  Stalker x2  
  138  25:24  Stalker, Zealot x2  
  138  25:25  Zealot x2  
  145  25:32  Stalker  
  145  25:34  Stalker  
  146  25:45  Stalker  
  146  25:49  Zealot  
  130  26:12  Stalker x3  
  130  26:16  High Templar x2  
  140  26:20  Archon, Stalker  
  134  26:37  Stalker x2  
  135  26:40  Stalker  
  135  26:45  Stalker  
  118  27:13  Stalker  
  118  27:14  Stalker x3  
  114  27:23  Disruptor  
  114  27:28  Probe  
  112  27:34  Observer  
  112  28:02  Photon Cannon  
  110  28:18  Stalker x2  
  112  28:30  Probe  
  112  28:34  High Templar x2  
  117  28:37  Archon  
  117  28:40  Stalker  
  119  28:52  Stalker  
  86  29:25  Stalker x3  
Tags
 
Matchup
PvP
Player
Miszu
Add a new tag
Caveats
  • Supply blocks, unpowered buildings, or Contaminate may cause inaccurate times.
  • Supply counts are checked every 10 seconds.